 Dungeon Crawl Stone Soup version 0.20-a0-754-g13ddd6e (webtiles) character file.

7 Gorice the Sneak (level 2, -1/15 HPs)
             Began as a Kobold Enchanter on Feb 26, 2017.
             Slain by a jackal (2 damage)
             ... on level 1 of the Dungeon.
             The game lasted 00:01:44 (405 turns).

Gorice the Sneak (Kobold Enchanter)                  Turns: 405, Time: 00:01:45

Health: -1/15      AC:  2    Str:  5    XL:     2   Next: 10%
Magic:  2/5        EV: 15    Int: 16    God:
Gold:   0          SH:  0    Dex: 15    Spells: 4/5 levels left

rFire    . . .     SeeInvis .   a - +1 dagger
rCold    . . .     Gourm    .   b - +0 robe
rNeg     . . .     Faith    .   (shield restricted)
rPois    .         Spirit   .   (no helmet)
rElec    .         Reflect  .   (no cloak)
rCorr    .         Harm     .   (no gloves)
MR       .....                  (no boots)
Stlth    +++.......             (no amulet)
Regen    0.1/turn               (no ring)
MPRegen  0.1/turn               (no ring)

@: no status effects
A: carnivore 3
a: no special abilities


You were on level 1 of the Dungeon.
You were very full.

You visited 1 branch of the dungeon, and saw 1 of its levels.

Inventory:

Hand Weapons
 a - a +1 dagger (weapon)
Missiles
 Z - 4 stones (quivered)
Armour
 b - a +0 robe (worn)
Books
 c - a book of Maledictions
Comestibles
 d - a meat ration {!e}


   Skills:
 + Level 2.1 Short Blades
 - Level 2.4 Dodging
 - Level 4.0 Stealth
 - Level 2.1 Spellcasting
 * Level 3.3 Hexes


You had 4 spell levels left.
You knew the following spells:

 Your Spells              Type           Power        Failure   Level  Hunger
a - Corona                Hex            ##.....      8%          1    #......


Dungeon Overview and Level Annotations

Branches:
Dungeon (1/15)

Altars:


Innate Abilities, Weirdness & Mutations

You are small and have problems with some larger weapons.
You are carnivorous and can eat meat at any time.


Message History

The jackal barks!
The hobgoblin closely misses you.
You hit the hobgoblin.
The hobgoblin is heavily wounded.
The hobgoblin barely misses you.
You hit the hobgoblin.
The hobgoblin is severely wounded.
The hobgoblin completely misses you.
You hit the hobgoblin.
You kill the hobgoblin!
Casting: Corona
Confirm with . or Enter, or press ? or * to list all spells.
Aiming: Corona
Press: ? - help, Shift-Dir - straight line, f - jackal
Aim: a jackal (chance to defeat MR: 66%)
The jackal barely resists.
The jackal closely misses you.
Casting: Corona
Confirm with . or Enter, or press ? or * to list all spells.
Aiming: Corona
Press: ? - help, Shift-Dir - straight line, f - jackal
Aim: a jackal (chance to defeat MR: 66%)
The jackal is outlined in light.
You hit the jackal.
The jackal is moderately wounded.
The jackal bites you.
* * * LOW HITPOINT WARNING * * *
Damage: 3 (max 3)
You hit the jackal.
The jackal is heavily wounded.
The jackal closely misses you. The jackal barely misses you.
The jackal misses you.
You hit the jackal.
The jackal is almost dead.
The jackal misses you. x2; The jackal bites you.
* * * LOW HITPOINT WARNING * * *
Damage: 1 (max 3)
The jackal closely misses you.
There is a staircase leading out of the dungeon, spattered with blood here.
You see here a goblin skeleton.
As you open the door, it creaks loudly!
You hear an angry hiss.
The jackal closely misses you.
Unknown command.
The jackal completely misses you.
There is an open door, spattered with blood here.
As you read the scroll labeled BOAKET VETATWY, it crumbles to dust.
You hear a loud clanging noise!
It was a scroll of noise.
You hear a shout! x2
The jackal bites you.
You die...

#...######.###)#
..####.............#
#......[...........#
..........##$##.)..#
#.###....##...##...#
#....#.)<..#.......
#....##.hh##...####
#.....##h##....#
#.###.....b.@......#
...................#
#.##.##.#########..#
#........ ..
.......[. ...$......
...#.###.#. #... g#
# #... .#


You could see 3 jackals and a bat.

Vanquished Creatures
  A hobgoblin (D:1)
  A jackal (D:1)
  A bat (D:1)
  3 goblins (D:1)
  A kobold (D:1)
7 creatures vanquished.

Notes
Turn   | Place    | Note
-------+----------+-------------------------------------------
     0 | D:1      | Gorice the Kobold Enchanter began the quest for the Orb.
     0 | D:1      | Reached XP level 1. HP: 10/10 MP: 3/3
   388 | D:1      | Reached skill level 2 in Short Blades
   388 | D:1      | Reached XP level 2. HP: 9/15 MP: 3/5
   388 | D:1      | HP: 4/15 [hobgoblin (5)]
   397 | D:1      | HP: 2/15 [jackal (3)]
   405 | D:1      | Slain by a jackal

Vault maps used:
D:1:      dpeg_arrival_shelter, st_stairs_4

Skill      XL: |  1 |
---------------+----+-----
Short Blades   | 2 |  2.1
Dodging        | |  2.4
Stealth        | |  4.0
Spellcasting   | |  2.1
Hexes          | |  3.3

Action                   || total
-------------------------++-------
Melee: Dagger            ||    30
 Cast: Corona            ||    12
  Use: Scroll            ||     1
  Eat: Chunk             ||     6
Armor: Robe              ||     4
Dodge: Dodged            ||    30

Table legend:
 A = Turns spent in this place as a percentage of turns spent in the entire game.
 B = Non-inter-level travel turns spent in this place as a percentage of non-inter-level travel turns spent in the entire game.
 C = Inter-level travel turns spent in this place as a percentage of turns spent in this place.
 D = Turns resting spent in this place as a percentage of non-inter-level travel turns spent in this place.
 E = Turns spent auto-exploring this place as a percentage of non-inter-level travel turns spent in this place.
 F = Non-inter-level travel turns spent in this place divided by the number of levels of this place that you've seen.
                   A       B       C       D       E      F
               +-------+-------+-------+-------+-------+----------------------
         Total | 100.0 | 100.0 |   0.0 |   4.9 |   0.8 | 122.0
       Dungeon | 100.0 | 100.0 |   0.0 |   4.9 |   0.8 | 122.0
               +-------+-------+-------+-------+-------+----------------------

Vault maps used:
D:1:      dpeg_arrival_shelter, st_stairs_4
